 Dungeon Crawl Stone Soup version 0.31.0-12-g77e489cdc1 (webtiles) character file.

Game seed: 6471762931056434864

49131 112233 the Thaumaturge (level 14, -13/95 HPs)
             Began as an Octopode Conjurer on Feb 18, 2024.
             Was an Elder of Vehumet.
             Mangled by a vampire knight
             ... wielding a +0 battleaxe
              (23 damage)
             ... on level 12 of the Dungeon.
             The game lasted 00:25:26 (25499 turns).

112233 the Thaumaturge (Octopode Conjurer)         Turns: 25499, Time: 00:25:26

Health: -13/95     AC: 13    Str:  8    XL:     14   Next: 49%
Magic:  1/32       EV: 16    Int: 24    God:    Vehumet [****..]
Gold:   1747       SH:  0    Dex:  8    Spells: 17/42 levels left

rFire   + . .        y - +9 lance "Wyrmbane" {slay drac, rPois rF+ rC+ AC+3}
rCold   + . .        (no shield)
rNeg    . . .        P - +1 hat
rPois   +            A - amulet of the acrobat
rElec   .            g - ring of willpower
rCorr   .            w - +4 ring of protection
SInv    .            h - ring of flight
Will    +....        E - +4 ring of protection
Stlth   +++          (no ring)
HPRegen 0.35/turn    (no ring)
MPRegen 0.23/turn    (no ring)
                     (no ring)

%: acrobat
@: weak-willed, flying, very slightly contaminated
A: almost no armour, amphibious, 8 rings, camouflage 1, gelatinous body 1,
(nimble swimmer 1), tentacles, clumsy 1, sense surroundings 1, inability to read
after injury 1
a: Renounce Religion


You were on level 12 of the Dungeon.
You worshipped Vehumet.
Vehumet was greatly pleased with you.
You visited 3 branches of the dungeon, and saw 18 of its levels.

You collected 1747 gold pieces.

Inventory:

Hand Weapons
 e - the +6 Majin-Bo {spellvamp, MP+6 Int+6}
   (You acquired it on level 2 of the Lair of Beasts)

   Int+6:     It affects your intelligence (+6).
   MP+6:      It affects your magic capacity (+6).
 u - the +5 mace "Neumiats" {spect, *Corrode Int+5}
   (You found it on level 5 of the Dungeon)

   Int+5:     It affects your intelligence (+5).
   *Corrode:  It may corrode you when you take damage.
 y - the +9 lance "Wyrmbane" (weapon) {slay drac, rPois rF+ rC+ AC+3}
   (You took it off Maggie on level 6 of the Dungeon)

   AC+3:      It affects your AC (+3).
   rF+:       It protects you from fire.
   rC+:       It protects you from cold.
   rPois:     It protects you from poison
Missiles
 a - 2 throwing nets
Armour
 P - a +1 hat (worn)
 V - a +0 buckler
Jewellery
 g - a ring of willpower (left tentacle)
 h - a ring of flight (on tentacle)
 k - a ring of fire
 w - a +4 ring of protection (right tentacle)
 A - an amulet of the acrobat (around mantle)
 B - a ring of fire
 E - a +4 ring of protection (on tentacle)
 F - a ring of fire
 L - an amulet of magic regeneration
 Q - an amulet of regeneration
 T - a ring of positive energy
 U - a ring of fire
Talismans
 S - the serpent talisman of the Four Beds {rN+ Dex-4 Slay+2}
   (You found it on level 3 of the Lair of Beasts)

   [serpent talisman]

   Dex-4:     It affects your dexterity (-4).
   Slay+2:    It affects your accuracy & damage with ranged weapons and melee
   (+2).
   rN+:       It protects you from negative energy.
Wands
 s - a wand of quicksilver (7)
 v - a wand of paralysis (6)
 x - a wand of flame (44)
 D - a wand of mindburst (36)
 K - a wand of iceblast (17)
 M - a wand of polymorph (8)
Scrolls
 b - 4 scrolls of enchant armour
 c - 4 scrolls of fear
 d - 2 scrolls of amnesia
 i - 2 scrolls of vulnerability
 m - 7 scrolls of noise
 n - a scroll of silence
 p - 2 scrolls of immolation
 t - 6 scrolls of fog
 H - 4 scrolls of enchant weapon
 J - 2 scrolls of poison
 R - 2 scrolls of identify
Potions
 j - 5 potions of attraction {unknown}
 l - a potion of heal wounds
 o - 4 potions of haste {unknown}
 q - 3 potions of curing
 r - 3 potions of mutation
 z - a potion of ambrosia {unknown}
 C - 3 potions of might {unknown}
 G - 3 potions of brilliance {unknown}
 I - 3 potions of degeneration {unknown}
 N - 2 potions of lignification {unknown}
 O - 2 potions of enlightenment


   Skills:
 + Level 8.8 Fighting
 + Level 12.9 Dodging
 - Level 3.0 Stealth
 + Level 1.6 Shields
 * Level 14.8 Spellcasting
 + Level 12.3 Conjurations
 + Level 3.6 Earth Magic
 * Level 2.7 Alchemy


You had 17 spell levels left.
You knew the following spells:

 Your Spells              Type           Power      Damage    Failure   Level
a - Bombard               Conj/Erth      27%        9d5       5%          6
b - Searing Ray           Conj           100%       2d8       1%          2
c - Mephitic Cloud        Conj/Alch/Air  41%        N/A       1%          3
d - Iskenderun's Mystic   Conj/Tloc      47%        2d10      1%          4
e - Irradiate             Conj/Alch      26%        3d20      1%          5
f - Magic Dart            Conj           100%       1d8       0%          1
g - Olgreb's Toxic Radia  Alch           30%        N/A       3%          4

Your spell library contained the following spells:

 Spells                   Type           Power      Damage    Failure   Level
 Scorch                   Fire           34%        2d6       1%          2
 Dazzling Flash           Conj/Hex       94%        N/A       1%          3
 Stone Arrow              Conj/Erth      100%       3d13      1%          3
 Flame Wave               Conj/Fire      47%        2d12      1%          4
 Fulminant Prism          Conj/Alch      26%        3d13      1%          4
 Frozen Ramparts          Ice            34%        1d6       2%          3
 Inner Flame              Hex/Fire       17%        N/A       2%          3
 Passwall                 Erth           35%        N/A       2%          3
 Volatile Blastmotes      Fire/Tloc      34%        2d12      2%          3
 Ensorcelled Hibernation  Hex/Ice        34%        N/A       4%          2
 Sticky Flame             Fire/Alch      24%        2d6       5%          4
 Lee's Rapid Deconstruct  Erth           17%        3d11*     5%          5
 Leda's Liquefaction      Alch/Erth      16%        N/A       9%          4
 Petrify                  Alch/Erth      33%        N/A       9%          4
 Call Canine Familiar     Summ           17%        N/A       10%         3
 Fugue of the Fallen      Necr           17%        N/A       10%         3
 Gell's Gravitas          Tloc           17%        N/A       10%         3
 Sigil of Binding         Hex            17%        N/A       10%         3
 Swiftness                Air            17%        N/A       10%         3
 Teleport Other           Tloc           17%        N/A       10%         3
 Starburst                Conj/Fire      23%        6d8       11%         6
 Alistair's Intoxication  Alch           20%        N/A       28%         5
 Anguish                  Hex/Necr       8%         N/A       32%         4
 Dimensional Bullseye     Hex/Tloc       8%         N/A       32%         4
 Eringya's Noxious Bog    Alch           15%        4d6       36%         6
 Curse of Agony           Necr           17%        N/A       65%         5
 Metabolic Englaciation   Hex/Ice        8%         N/A       65%         5
 Silence                  Hex/Air        8%         N/A       65%         5
 Lehudib's Crystal Spear  Conj/Erth      27%        10d7      86%         8
 Dispersal                Tloc           8%         N/A       99%         6
 Summon Cactus Giant      Summ           8%         N/A       99%         6
 Ignition                 Fire           8%         3d5       100%        8
 Maxwell's Capacitive Co  Air            8%         ∞         100%        8
 Animate Armour           Summ/Erth      Unusable   N/A       N/A         4

Dungeon Overview and Level Annotations

Branches:
Dungeon (12/15)            Temple (0/1) D:5            Lair (5/5) D:8
  Swamp (0/4) Lair:2       Spider (0/4) Lair:2        Slime (0/5) Lair:4
    Orc (1/2) D:12

Altars:
Ashenzari
Dithmenos
Elyvilon
Gozag
Nemelex Xobeh
Sif Muna
Uskayaw
Vehumet
Wu Jian
Yredelemnul
The Shining One
Jiyva

Shops:
D:6 (

Annotations:
D:2 1 runed translucent door, Crazy Yiuf
D:3 3 runed translucent doors, drgodel's ghost, amateur OnSh
D:6 exclusion: downstairs
D:10 3 runed translucent doors, ioannis32's ghost, journeyman OpBr
D:11 2 runed translucent doors, exclusion: downstairs, tadhg's ghost, journeyman DEFE
Lair:3 exclusion: downstairs
Lair:5 exclusion: oklob plant


Innate Abilities, Weirdness & Mutations

You cannot wear most types of armour.
You are amphibious.
You can wear up to eight rings at the same time.
Your skin changes colour to match your surroundings (Stealth+).
Your rubbery body absorbs attacks. (AC +1, EV +1)
((You are camouflaged when in or above water. (Stealth+)))
You have tentacles for arms and can constrict up to eight enemies at once.
You are clumsy. (Dex -2)
You passively map a small area around you.
You occasionally lose the ability to read scrolls when taking damage.


Message History

Okay, then.
Okay, then.
Okay, then.
Okay, then.
Unknown command.
Unknown command.
You hit the vampire knight. You grab the vampire knight.
You squeeze the vampire knight, but do no damage.
The vampire knight is moderately damaged.
You constrict the vampire knight, but do no damage.
The vampire knight gestures at you while chanting.
You resist with almost no effort.
The vampire knight hits you with a +0 battleaxe!
The vampire knight bites you.
The vampire knight draws strength from your injuries!
The shadow slips into darkness.
The shadow flickers and vanishes!
Deactivating autopickup; reactivate with Ctrl-A.
Aiming: Paralyse
Press: ? - help, Shift-Dir - straight line, f - vampire knight
Aim: a vampire knight, wielding a +0 battleaxe and wearing a +0 plate armour (moderately damaged, constricted by you, fast, chance to affect: 7%)
Okay, then.
As you read the scroll of vulnerability, it crumbles to dust.
A wave of despondency washes over your surroundings.
You constrict the vampire knight, but do no damage.
The vampire knight hits you with a +0 battleaxe!
* * * LOW HITPOINT WARNING * * *
The vampire knight bites you.
* * * LOW HITPOINT WARNING * * *
The vampire knight draws strength from your injuries!
Aiming: Paralyse
Press: ? - help, Shift-Dir - straight line, f - vampire knight
Aim: a vampire knight, wielding a +0 battleaxe and wearing a +0 plate armour (lightly damaged, constricted by you, fast, weak-willed, chance to affect: 31%)
The vampire knight easily resists.
You constrict the vampire knight, but do no damage.
The vampire knight barely misses you. The vampire knight bites you.
* * * LOW HITPOINT WARNING * * *
The vampire knight draws strength from your injuries!
The vampire knight hits you with a +0 battleaxe!!
You die...

')...#####''## ,, ###.....#
'............# ##......#
#.#...)....... * * ##..#....#
#.......o..... , #...#....#
############## * #...#....#
##...#....#
######################..#.#....#
.......#.........#........#....#
.....#...#......@V{.....###....#
.......#.........#.....##......#
####################...#..>....#
#......#.......#
#################.....)#.......#
#.............##....#..#.......#
#.....).......##.#..#..........#
#.............'#....#.####.....#
###''#####....').####.# #.....#


You could see a vampire knight (fast, weak-willed).

Vanquished Creatures
  A dire elephant (Lair:5)
  An ettin (D:12)
  4 rakshasas (D:12)
  A hydra (Lair:4)
  An ogre mage (D:12)
  2 centaur warriors (D:12)
  A boulder beetle (D:10)
  3 tengu warriors (D:11)
  Erica (D:10)
  2 two-headed ogres
  2 skysharks
  A bog body (Lair:2)
  2 orc knights (D:12)
  An orc sorcerer (Orc:1)
  A cyclops (D:12)
  11 elephants (Lair:4)
  7 black mambas
  6 cane toads
  Maggie (D:6)
  An unseen horror (D:11)
  3 rime drakes
  A kobold demonologist (D:12)
  12 komodo dragons
  3 yaktaurs (D:12)
  7 trolls
  3 hornets
  A dream sheep (Lair:5)
  5 blink frogs
  2 slime creatures
  47 yaks
  4 wyverns
  3 wraiths
  4 shadows
  2 basilisks
  3 steam dragons
  2 redbacks (Lair:2)
  2 swamp worms (Lair:2)
  An acid dragon (D:10)
  14 water moccasins
  13 orc warriors
  A sky beast (D:8)
  An ice beast (D:6)
  4 black bears
  An ogre (D:6)
  3 boggarts (D:12)
  15 wolves
  4 centaurs
  4 kobold brigands
  18 bullfrogs
  2 scorpions
  11 wights
  7 killer bees
  6 howler monkeys
  2 electric eels
  4 hounds
  4 jellies
  9 orc priests
  2 gnoll boudas
  2 iguanas
  13 orc wizards
  A hound zombie (D:3)
  11 gnolls
  3 adders
  3 white imps
  An adder zombie (D:3)
  6 dart slugs
  3 ribbon worms
  47 orcs
  11 ball pythons
  7 endoplasms
  5 giant cockroaches
  7 goblins
  7 hobgoblins
  2 jackals (D:2)
  A bat (D:1)
  2 frilled lizards
  19 kobolds
  9 rats
  2 butterflies (Lair:3)
442 creatures vanquished.

Vanquished Creatures (others)
  A manticore (D:12)
  An orc (D:7)
2 creatures vanquished.

Grand Total: 444 creatures vanquished

Notes
Turn   | Place    | Note
-------+----------+-------------------------------------------
     0 | D:1      | 112233 the Octopode Conjurer began the quest for the Orb.
     0 | D:1      | Reached XP level 1. HP: 11/11 MP: 3/3
   201 | D:1      | Reached XP level 2. HP: 17/17 MP: 1/5
   668 | D:1      | Learned a level 2 spell: Searing Ray
   804 | D:1      | Reached XP level 3. HP: 21/21 MP: 1/6
  1739 | D:2      | Reached skill level 3 in Spellcasting
  1990 | D:2      | Reached XP level 4. HP: 24/27 MP: 0/8
  2539 | D:2      | Found a runed translucent door.
  2540 | D:2      | Noticed Crazy Yiuf
  2704 | D:3      | Reached XP level 5. HP: 25/31 MP: 7/10
  2850 | D:3      | Reached skill level 4 in Spellcasting
  2850 | D:3      | Reached skill level 5 in Conjurations
  2853 | D:3      | Reached skill level 9 in Spellcasting
  2853 | D:3      | Reached XP level 6. HP: 22/36 MP: 0/18
  2861 | D:3      | Gained mutation: You passively map a small area around you.
                  | [potion of mutation]
  2861 | D:3      | Gained mutation: You occasionally lose the ability to read
                  | scrolls when taking damage. [potion of mutation]
  2861 | D:3      | Gained mutation: You are clumsy. (Dex -2) [potion of
                  | mutation]
  2861 | D:3      | HP: 1/36 [orc priest/+0 flail (5)]
  2864 | D:3      | Reached XP level 7. HP: 2/41 MP: 0/20
  3083 | D:3      | Found a runed translucent gate.
  3083 | D:3      | Found a runed translucent gate.
  3083 | D:3      | Found a runed translucent gate.
  3083 | D:3      | Noticed drgodel's ghost (amateur OnSh)
  3085 | D:3      | Found a basalt altar of Yredelemnul.
  3349 | D:3      | Found a radiant altar of Vehumet.
  3396 | D:3      | Became a worshipper of Vehumet
  3511 | D:3      | Learned a level 3 spell: Mephitic Cloud
  3516 | D:3      | Learned a level 4 spell: Iskenderun's Mystic Blast
  3851 | D:4      | Reached skill level 10 in Spellcasting
  3928 | D:4      | Reached XP level 8. HP: 47/47 MP: 17/22
  4519 | D:4      | Found a hide-covered altar of Uskayaw.
  4752 | D:5      | Entered Level 5 of the Dungeon
  4806 | D:5      | Found a staircase to the Ecumenical Temple.
  4966 | D:5      | Reached skill level 1 in Fighting
  5090 | D:5      | Identified the +5 mace "Neumiats" {spect, *Corrode Int+5}
  5938 | D:6      | Found a shimmering blue altar of Sif Muna.
  6065 | D:6      | Found Qiuheeg's Weapon Emporium.
  6114 | D:6      | Reached * piety under Vehumet
  6114 | D:6      | Offered knowledge of Sting by Vehumet.
  6234 | D:6      | Found a glowing golden altar of the Shining One.
  6249 | D:6      | Reached XP level 9. HP: 54/54 MP: 16/23
  6413 | D:6      | Noticed Maggie
  6427 | D:6      | Killed Maggie
  7341 | D:7      | Noticed a hornet
  7774 | D:7      | Reached skill level 10 in Dodging
  7782 | D:7      | Killed a hornet
  7962 | D:7      | Found an ornate altar of the Wu Jian Council.
  8510 | D:8      | Found a sparkling altar of Nemelex Xobeh.
  8691 | D:8      | Reached XP level 10. HP: 62/62 MP: 11/24
  8821 | D:8      | Found an opulent altar of Gozag.
  8890 | D:8      | Reached ** piety under Vehumet
  9011 | D:8      | Offered knowledge of Sandblast by Vehumet.
  9739 | D:8      | Found a staircase to the Lair.
  9974 | D:8      | Reached skill level 11 in Spellcasting
 10706 | D:9      | Noticed a two-headed ogre
 10712 | D:9      | Killed a two-headed ogre
 10917 | D:9      | Offered knowledge of Static Discharge by Vehumet.
 11104 | D:9      | Found a broken altar of Ashenzari.
 11250 | D:9      | Reached XP level 11. HP: 65/69 MP: 12/26
 12002 | D:10     | Entered Level 10 of the Dungeon
 12089 | D:10     | Found a runed translucent gate.
 12089 | D:10     | Found a runed translucent gate.
 12090 | D:10     | Found a runed translucent gate.
 12120 | D:10     | Reached *** piety under Vehumet
 12124 | D:10     | Reached skill level 10 in Conjurations
 12482 | D:10     | Noticed Erica
 12496 | D:10     | Killed Erica
 12845 | D:10     | Noticed ioannis32's ghost (journeyman OpBr)
 12971 | D:11     | Reached skill level 5 in Fighting
 13097 | D:11     | Noticed a two-headed ogre
 13101 | D:11     | Noticed a boulder beetle
 13106 | D:11     | Killed a two-headed ogre
 13107 | D:11     | Reached skill level 12 in Spellcasting
 13351 | D:10     | Killed a boulder beetle
 14187 | D:11     | Reached XP level 12. HP: 77/77 MP: 17/28
 14313 | D:11     | Found a large runed translucent door.
 14313 | D:11     | Found a large runed translucent door.
 14317 | D:11     | Noticed tadhg's ghost (journeyman DEFE)
 14481 | D:11     | Identified the +2 long sword of Nightmares {chaos, *Corrode
                  | ^Fragile rElec SInv}
 14744 | D:12     | Noticed a centaur warrior
 14744 | D:12     | Noticed a tengu warrior
 15495 | D:12     | Learned a level 5 spell: Irradiate
 15502 | D:12     | Learned a level 6 spell: Bombard
 15509 | D:12     | Noticed a rakshasa
 15588 | Lair:1   | Entered Level 1 of the Lair of Beasts
 15736 | Lair:1   | Offered knowledge of Sticky Flame by Vehumet.
 15926 | Lair:1   | Got the Treatise on the Elixir
 16170 | Lair:1   | Reached skill level 13 in Spellcasting
 16244 | Lair:1   | Reached **** piety under Vehumet
 16367 | Lair:1   | You are sucked into a shaft and drop 1 floor!
 16370 | Lair:2   | Found a hole to the Spider Nest.
 16387 | Lair:2   | Identified a scroll of acquirement
 16388 | Lair:2   | Acquired the +6 Majin-Bo {spellvamp, MP+6 Int+6}
 16388 | Lair:2   | Found the +6 Majin-Bo {spellvamp, MP+6 Int+6}
 16438 | Lair:2   | Offered knowledge of Hailstorm by Vehumet.
 17000 | Lair:2   | Reached XP level 13. HP: 51/86 MP: 15/30
 17492 | Lair:2   | Found a staircase to the Swamp.
 19220 | Lair:3   | Identified the serpent talisman of the Four Beds {rN+ Dex-4
                  | Slay+2}
 20423 | Lair:4   | Reached skill level 14 in Spellcasting
 20454 | Lair:4   | Reached skill level 1 in Earth Magic
 21249 | Lair:4   | Reached ***** piety under Vehumet
 21249 | Lair:4   | Offered knowledge of Olgreb's Toxic Radiance by Vehumet.
 21434 | Lair:4   | Found a staircase to the Slime Pits.
 21435 | Lair:4   | Found a viscous altar of Jiyva.
 21914 | Lair:5   | Entered Level 5 of the Lair of Beasts
 22267 | Lair:5   | Noticed a dire elephant
 22273 | Lair:5   | Reached XP level 14. HP: 85/95 MP: 22/32
 22282 | Lair:5   | Killed a dire elephant
 22288 | Lair:5   | Found a white marble altar of Elyvilon.
 22743 | D:12     | Found a staircase to the Orcish Mines.
 23409 | Orc:1    | Entered Level 1 of the Orcish Mines
 23962 | D:12     | Learned a level 4 spell: Olgreb's Toxic Radiance
 24236 | D:12     | Reached skill level 1 in Alchemy
 24649 | D:12     | Reached skill level 1 in Shields
 25110 | D:12     | Identified the +7 scimitar "Oroyzuec" {spect, MP+9 Str+3}
 25464 | D:12     | Found a shadowy altar of Dithmenos.
 25464 | D:12     | Noticed a vampire knight
 25499 | D:12     | Mangled by a vampire knight

Illustrated notes

Levels and vault maps discovered:
D:1:      psy_arrival_statuary, layout_loops_ring
D:2:      layout_basic, minivault_5, uniq_crazy_yiuf_cottage
D:3:      layout_rooms, nicolae_vehumet_altar_sigil,
          nicolae_yredelemnul_ghost_church, corexii_hall_statues_i,
          minmay_tree_intersection, kennysheep_orc_chapel
D:4:      layout_basic, nicolae_uskayaw_murder_on_the_dancefloor,
          hangedman_decor_opposing, minmay_circle_x
D:5:      layout_rooms, minmay_temple_entry_mist, chequers_big_river
D:6:      layout_loops_ring, tso_metal_star, kennysheep_mini_moat, serial_shops,
          shop_fountains, minmay_fractal_squares_gapless_5, uniq_maggie
D:7:      layout_cave_pools, nzn_wu_jian_council_hall, serial_column_ruins,
          column_ruins_hut, column_ruins_circle_small, column_ruins_grid_3,
          column_ruins_corridor_straight, column_ruins_open_tiny,
          column_ruins_grid_2, column_ruins_open_small, serial_bayou_pond_b,
          minmay_misc_feat_columns
D:8:      minmay_general_purpose_star, layout_layer_cave,
          mainiacjoe_overflow_tiny_flanked, amcnicky_altar_gilded,
          grunt_lair_entry_orc_guard_hut
D:9:      layout_roguey, ashenzari_conservatory_becter,
          hangedman_minor_gate_pass
D:10:     layout_roguey, gammafunk_ghost_nasty_kobolds, uniq_erica
D:11:     layout_rooms, ebering_ghost_disaster_area, minivault_25,
          minmay_misc_feat_chi
D:12:     regret_index_dithmenos_penumbral_divide, layout_long_grid
Lair:1:   layout_cave_shapes, beast_lair_carwin_10
Lair:2:   layout_gridlike, nicolae_swamp_entry_splash_gauntlet,
          spider_nest_entry_rubble, gauntlet_entry_generic,
          cheibrodos_lair_caveside_slide, pdpol_lair_neglected_garden
Lair:3:   layout_loops_ring, lemuel_fruit_fields, serial_bayou_shore_a
Lair:4:   layout_loops_ring, minmay_slime_entry_pillars, grunt_megastairs_4,
          infiniplex_staircase_pool_2
Lair:5:   evil_forest, layout_small_grid, lemuel_oklob_altar
Orc:1:    layout_diamond_mine

Skill      XL: |  1  2  3  4  5  6  7  8  9 10 11 12 13 14 |
---------------+-------------------------------------------+-----
Stealth        | 3 |  3.0
Spellcasting   | 3 9 10 11 12 13 14 | 14.8
Conjurations   | 8 9 10 11 12 | 12.3
Dodging        | 9 10 11 12 | 12.9
Fighting       | 1 2 4 5 7 8 |  8.8
Earth Magic    | 2 3 |  3.6
Alchemy        | 2 |  2.7
Shields        | 1 |  1.6

Action                     |  1- 3 |  4- 6 |  7- 9 | 10-12 | 13-15 || total
---------------------------+-------+-------+-------+-------+-------++-------
  Melee: Unarmed           |     9 |     6 |       |       |       ||    15
         Constrict         |     1 |     2 |     2 |    18 |    37 ||    60
         Tentacles         |     1 |     2 |     2 |    63 |    85 ||   153
         Lance             |       |       |     7 |   290 |   309 ||   606
         Mace              |       |       |     2 |       |       ||     2
         Punch             |       |       |       |     6 |     7 ||    13
   Cast: Magic Dart        |    88 |    25 |   163 |    46 |       ||   322
         Searing Ray       |       |     6 |    64 |   117 |     8 ||   195
         Mephitic Cloud    |       |       |     8 |    78 |    43 ||   129
         Iskenderun's Myst |       |       |     1 |    84 |    82 ||   167
         Bombard           |       |       |       |       |    50 ||    50
         Irradiate         |       |       |       |       |     4 ||     4
  Evoke: Wand              |       |       |     3 |     3 |     3 ||     9
    Use: Scroll            |       |     4 |     2 |    10 |     5 ||    21
         Potion            |       |     9 |       |     1 |     6 ||    16
   Stab: Paralysed         |       |       |     2 |       |       ||     2
         Confused          |       |       |       |    11 |     9 ||    20
         Sleeping          |       |       |       |     3 |     9 ||    12
 Armour: Skin              |    10 |    14 |    30 |   187 |   323 ||   564
  Dodge: Dodged            |     7 |     6 |    32 |   267 |   393 ||   705
